 Dungeon Crawl Stone Soup version 0.17-a0-1255-gd996e2d (console) character file.

317 Monkaria the Ruffian (level 6, 0/40 (43) HPs)
             Began as a Demonspawn Chaos Knight on June 6, 2015.
             Slain by Sigmund
             ... wielding a +0 scythe
              (7 damage)
             ... on level 5 of the Dungeon.
             The game lasted 00:05:26 (3529 turns).

Monkaria the Ruffian (Demonspawn Chaos Knight)      Turns: 3529, Time: 00:05:27

HP:   0/40 (43)     AC:  5    Str: 14    XL:     6   Next: 20%
MP:   5/5           EV: 11    Int: 14    God:    Xom [......]
Gold: 249           SH:  0    Dex: 10    Spells: 0 memorised, 5 levels left

rFire  . . .     SeeInvis .       - Unarmed
rCold  . . .     Clarity  .     b - +2 leather armour
rNeg   . . .     SustAt   .     (no shield)
rPois  .         Gourm    .     (helmet restricted)
rElec  .         Spirit   .     (no cloak)
rCorr  .         Warding  .     (no gloves)
rMut   .         Stasis   .     (no boots)
MR     .....                    (no amulet)
Stlth  +.........               (no ring)
                                (no ring)

@: lethally poisoned (0 -> -1), not resistant to hostile enchantments, very
unstealthy
A: antennae 1, claws 1, clumsy 1, frail 1, low mp 1, powered by death 1, spiny 1
a: Renounce Religion


You were on level 5 of the Dungeon.
You worshipped Xom.
You were a very special plaything of Xom.
You were very hungry.

You visited 1 branch of the dungeon, and saw 5 of its levels.

You collected 249 gold pieces.

Inventory:

Hand weapons
 a - a +0 falchion of chaos
Armour
 b - a +2 leather armour (worn)
Jewellery
 e - an uncursed amulet of faith {unknown}
Scrolls
 d - 11 scrolls of identify {unknown}
 h - 2 scrolls of blinking {unknown}
 i - a scroll of remove curse {unknown}
 l - 3 scrolls of amnesia {unknown}
 p - 3 scrolls of recharging {unknown}
 s - a scroll of enchant weapon {unknown}
 t - a scroll of enchant armour {unknown}
 u - a scroll of teleportation {unknown}
 x - a scroll of immolation {unknown}
Potions
 j - 2 potions of lignification {unknown}
 k - a potion of invisibility {unknown}
 m - 2 potions of magic {unknown}
 n - a potion of cancellation {unknown}
 o - a potion of haste {unknown}
 q - a potion of agility {unknown}
 r - a potion of poison {unknown}
 v - 2 potions of resistance {unknown}
Comestibles
 c - 3 bread rations
 f - a slice of pizza
 g - 4 meat rations


   Skills:
 - Level 4.0 Fighting
 - Level 2.6 Long Blades
 - Level 1.7 Armour
 - Level 0.8 Dodging
 + Level 5.1 Unarmed Combat


You had 5 spell levels left.
You didn't know any spells.

Dungeon Overview and Level Annotations

Branches:
Dungeon (5/15)
 Temple: D:4-7

Altars:
Ashenzari
Cheibriados
Kikubaaqudgha
Makhleb
Nemelex Xobeh

Shops:
D:4 *::(

Annotations:
D:5 Sigmund


Innate Abilities, Weirdness & Mutations

You have a pair of small antennae on your head.
You have sharp fingernails.
You regenerate a little health from kills.
You are partially covered in sharp spines.
You are clumsy. (Dex -2)
You are frail (-10% HP).
Your magical capacity is low (-10% MP).


Message History

The worker ant is struck by your spines.
The worker ant bites you.
You are poisoned.
The worker ant poisons you!
You closely miss the worker ant.
The worker ant is almost dead.
You feel sick.
The worker ant is struck by your spines.
You kill the worker ant!
Your Unarmed Combat skill increases to level 5!
Something hits you.
You closely miss something.
You feel sick. Something barely misses you.
You miss something.
Your leather armour prevents you from hitting something.
You feel sick. Something hits you!
* * * LOW HITPOINT WARNING * * *
You closely miss something. You claw something! Something hits you!
You die... "It's all fun and games until someone loses an eye."

#### ###... #
####....# #.##.##
####...#####
.......######.....##
......{@..........##
#!.................#
#..................#
#...............#..#
#...............####
#...#...........#
##..............##
#......######...##
..# ##...##


There were no monsters in sight!

Vanquished Creatures
  A necrophage (D:5)
  3 worker ants
  A killer bee zombie (D:5)
  2 gnolls (D:3)
  3 adders
  2 worms
  3 giant geckos (D:1)
  2 ball pythons
  13 bats
  2 giant cockroaches (D:1)
  16 hobgoblins
  2 jackals (D:4)
  3 giant newts (D:2)
  11 goblins
  6 kobolds
  7 rats
77 creatures vanquished.

Vanquished Creatures (collateral kills)
  A gnoll (D:3)
1 creature vanquished.

Vanquished Creatures (others)
  A worm (D:2)
1 creature vanquished.

Grand Total: 79 creatures vanquished

Notes
Turn   | Place    | Note
--------------------------------------------------------------
     0 | D:1      | Monkaria the Demonspawn Chaos Knight began the quest for the Orb.
     0 | D:1      | Reached XP level 1. HP: 18/18 MP: 1/1
    75 | D:1      | XOM: silly message
   198 | D:1      | Gained mutation: You have sharp fingernails. [demonic ancestry]
   198 | D:1      | Reached XP level 2. HP: 20/24 MP: 2/2
   319 | D:1      | Reached skill level 4 in Fighting
   483 | D:1      | XOM: noise
   484 | D:1      | XOM: silly message
   618 | D:1      | Gained mutation: You regenerate a little health from kills. [demonic ancestry]
   618 | D:1      | Reached XP level 3. HP: 30/30 MP: 3/3
   727 | D:1      | XOM: silly message
   781 | D:1      | Reached skill level 1 in Unarmed Combat
   999 | D:1      | XOM: polymorph jackal -> orc
  1177 | D:2      | XOM: give mutations
  1177 | D:2      | Gained mutation: Your magical capacity is low (-10% MP). [Xom's mischief]
  1177 | D:2      | Gained mutation: You are frail (-10% HP). [Xom's mischief]
  1177 | D:2      | Gained mutation: You are clumsy. (Dex -2) [Xom's mischief]
  1349 | D:2      | Gained mutation: You have a pair of small antennae on your head. [demonic ancestry]
  1349 | D:2      | Reached XP level 4. HP: 22/33 MP: 3/3
  1596 | D:2      | XOM: vitrification
  2042 | D:3      | XOM: smoke on damage
  2044 | D:3      | XOM: confuse monster(s)
  2461 | D:4      | Found Kamiusas's Book Shoppe.
  2563 | D:4      | Found Lexkoac's Antique Weapon Boutique.
  2583 | D:4      | Gained mutation: You are partially covered in sharp spines. [demonic ancestry]
  2583 | D:4      | Reached XP level 5. HP: 33/37 MP: 4/4
  2793 | D:4      | Found a shattered altar of Ashenzari.
  2826 | D:4      | Found a sparkling altar of Nemelex Xobeh.
  2827 | D:4      | Found Ahelih Wiaw's General Store.
  2860 | D:4      | XOM: silly message
  2866 | D:4      | Found a snail-covered altar of Cheibriados.
  2867 | D:4      | Found an ancient bone altar of Kikubaaqudgha.
  2911 | D:4      | XOM: harmless Chrm miscast
  2921 | D:4      | Found Boegg's Book Shoppe.
  3065 | D:4      | Found a burning altar of Makhleb.
  3111 | D:5      | Entered Level 5 of the Dungeon
  3194 | D:5      | Found a shattered altar of Ashenzari.
  3246 | D:5      | Noticed a necrophage
  3251 | D:5      | XOM: divination: detect creatures
  3256 | D:5      | Killed a necrophage
  3256 | D:5      | Reached XP level 6. HP: 29/40 MP: 5/5
  3515 | D:5      | Noticed Sigmund
  3523 | D:5      | Reached skill level 5 in Unarmed Combat
  3529 | D:5      | Slain by Sigmund

Vault maps used:
D:1:      dpeg_arrival_brainrot, serial_corexii_hall, corexii_hall_statues_i,
          corexii_hall_statues_l, corexii_hall_statues_s, corexii_hall_statues_s
D:2:      grunt_decor_mini_mirrors
D:4:      lightli_temple_of_fire, nicolae_overflow_hidden_temple, first_bread,
          serial_shops, nicolae_shop_trees, shop_fountains, shop, shop
D:5:      cheibrodos_ashenzari_chains, uniq_duvessa, uniq_sigmund, uniq_pikel

Action                   |  1- 3 |  4- 6 || total
-------------------------+-------+-------++-------
Melee: Falchion          |   121 |    52 ||   173
       Unarmed           |       |    89 ||    89
 Stab: Confused          |       |     1 ||     1
  Eat: Chunk             |     2 |     5 ||     7
